 Dungeon Crawl Stone Soup version 0.31-a0-145-g046c7d2549 (webtiles) character file.

Game seed: 15294771341259050675

581 qw the Skirmisher (level 7, -1/61 HPs)
             Began as a Minotaur Hunter on June 7, 2023.
             Slain by a gnoll
             ... wielding a +0 spear
              (2 damage)
             ... on level 4 of the Dungeon.
             The game lasted 00:01:40 (3853 turns).

qw the Skirmisher (Minotaur Hunter)                 Turns: 3853, Time: 00:01:40

Health: -1/61      AC:  5    Str: 15    XL:     7   Next: 13%
Magic:  6/6        EV: 12    Int:  6    God:
Gold:   178        SH:  0    Dex: 16    Spells: 6/6 levels left

rFire   . . .        Y - +0 shortbow
rCold   . . .        (shield currently unavailable)
rNeg    . . .        h - +0 ring mail
rPois   .            (helmet restricted)
rElec   .            (no cloak)
rCorr   .            (no gloves)
SInv    .            (no boots)
Will    .....        (no amulet)
Stlth   +            (no ring)
HPRegen 0.30/turn    (no ring)
MPRegen 0.10/turn

%: no passive effects
@: no status effects
A: horns 2, retaliatory headbutt
a: no special abilities


You were on level 4 of the Dungeon.
You visited 1 branch of the dungeon, and saw 4 of its levels.
You also visited: Sewer.

You collected 178 gold pieces.


Innate Abilities, Weirdness & Mutations

You have a pair of horns on your head.
You reflexively headbutt those who attack you in melee.


   Skills:
 - Level 5.0 Fighting
 + Level 8.2 Ranged Weapons
 - Level 1.0 Armour
 - Level 3.1 Dodging
 - Level 0.7 Stealth


You had 6 spell levels left.
You didn't know any spells.
Your spell library was empty.

Inventory:

Hand Weapons
 Y - a +0 shortbow (weapon)
Armour
 h - a +0 ring mail (worn)
Jewellery
 c - a ring of ice
Scrolls
 a - a scroll of identify
Potions
 b - a potion of curing
 d - a potion of brilliance {unknown}
 g - 2 potions of haste

Dungeon Overview and Level Annotations

Branches:
Dungeon (4/15)              Sewer (visited)
 Temple: D:4-7

Altars:
Ru


Message History

The gnoll is severely wounded.
You hear a shout!
The gnoll hits you from afar with a +0 halberd.
You hear a shout! x2
You shoot an arrow. The arrow completely misses the gnoll.
You hear a shout! x2
The gnoll throws a stone.
The stone barely misses you.
You shoot an arrow. The arrow hits the gnoll.
The gnoll is severely wounded.
You hear a shout!
The gnoll throws a stone.
The stone hits you.
You shoot an arrow. The arrow barely misses the gnoll.
The gnoll barely misses you.
You shoot an arrow. The arrow barely misses the gnoll.
You hear a shout! x2
The gnoll barely misses you.
You hear a shout! x2
You shoot an arrow.
The arrow hits the gnoll but does no damage.
The gnoll is severely wounded.
The gnoll throws a stone.
The stone hits you.
You shoot an arrow. The arrow hits the gnoll!
You kill the gnoll!
You hear a shout! x4
You start resting.
A gnoll comes into view. It is wielding a +0 spear.
You shoot an arrow. The gnoll shouts!
The arrow hits the gnoll but does no damage.
You hear a shout!
The gnoll misses you.
You shoot an arrow. The arrow closely misses the gnoll.
The gnoll closely misses you.
You shoot an arrow. The arrow hits the gnoll.
The gnoll is lightly wounded.
The gnoll hits you from afar with a +0 spear.
You shoot an arrow. The arrow hits the gnoll.
The gnoll is moderately wounded.
The gnoll hits you from afar with a +0 spear.
You die...

#. #.## #.####.####
#.#####..#####.####.....
................))......
~~~~~~~.)..~~~~~~~~~~~~~
~~~~~~~.[..~~~~~~~~~~~~~
~~~~~~~....~~~~~~~~~~~~#
.......................#
#########%)''#############
#...?..g#@...# #
#...$.).#))..#..
#.oo..g)g)...'...
#'############### #


You could see a gnoll.

Vanquished Creatures
  A kobold brigand (Sewer)
  An orc priest (D:4)
  2 orc wizards (D:4)
  Natasha (thrice) (D:3)
  13 adders
  8 gnolls
  2 river rats (Sewer)
  3 worms
  4 dart slugs
  13 orcs (D:4)
  8 endoplasms
  6 giant cockroaches
  9 goblins
  3 hobgoblins
  10 jackals
  3 quokkas
  11 ball pythons
  4 bats
  6 frilled lizards
  10 kobolds
  12 rats
132 creatures vanquished.

Notes
Turn   | Place    | Note
-------+----------+-------------------------------------------
     0 | D:1      | qw the Minotaur Hunter began the quest for the Orb.
     0 | D:1      | Reached XP level 1. HP: 18/18 MP: 0/0
     0 | D:1      | 0 ||| qw: Version: 0.2-a-117-gc6b5c8b
     0 | D:1      | 0 ||| qw: Game counter: 2517
     0 | D:1      | 0 ||| qw: Always use a shield: true
     0 | D:1      | 0 ||| qw: God list: Okawaru
     0 | D:1      | 0 ||| qw: Allow faded altars: false
     0 | D:1      | 0 ||| qw: Do Orc after D:15 true
     0 | D:1      | 0 ||| qw: Do second Lair branch before Depths: true
     0 | D:1      | 0 ||| qw: Lair rune preference: random
     0 | D:1      | 0 ||| qw: Plans: Normal
     0 | D:1      | 0 ||| PLANNING D:1-11
   423 | D:1      | Reached XP level 2. HP: 23/25 MP: 1/1
   451 | D:1      | Reached skill level 5 in Ranged Weapons
   543 | D:1      | Found a faded altar of an unknown god.
   543 | D:1      | Noticed a shining eye
   548 | D:1      | 548 ||| DROPPING scroll of butterflies.
   554 | D:1      | Noticed a great orb of eyes
   609 | D:1      | Reached skill level 3 in Fighting
   732 | D:1      | Noticed a floating eye
   735 | D:1      | Noticed a golden eye
   867 | D:1      | 867 ||| DRINKING 2 silvery potions.
   919 | D:2      | Reached XP level 3. HP: 31/31 MP: 2/2
  1241 | D:2      | You fall into a shaft and drop 2 floors!
  1313 | D:4      | 1313 ||| UPGRADING to +0 ring mail.
  1323 | D:4      | 1323 ||| DROPPING +0 leather armour.
  1324 | D:4      | 1324 ||| READING 2 scrolls labelled MIFOD TEKK.
  1325 | D:4      | 1325 ||| READING scroll labelled GAKYPN PAFITH.
  1333 | D:3      | 1333 ||| PLANNING SEWER
  1360 | D:3      | Found a glowing drain.
  1365 | D:3      | Reached XP level 4. HP: 36/38 MP: 3/3
  1369 | D:3      | 1369 ||| READING scroll labelled OMEUJI PAUVOMP.
  1369 | D:3      | Identified a scroll of acquirement
  1369 | D:3      | 1369 ||| ACQUIRING ring of ice
  1369 | D:3      | Acquired a ring of ice
  1371 | D:3      | 1371 ||| DRINKING 2 fizzy clear potions.
  1380 | Sewer    | Entered a sewer
  1393 | Sewer    | Reached skill level 1 in Armour
  1401 | Sewer    | Reached skill level 6 in Ranged Weapons
  1420 | Sewer    | Noticed a kobold brigand
  1425 | Sewer    | 1425 ||| FLEEEEING.
  1427 | Sewer    | Killed a kobold brigand
  1428 | Sewer    | Reached XP level 5. HP: 37/47 MP: 4/4
  1517 | Sewer    | 1517 ||| Stepping ~*~*~tactically~*~*~ (water).
  1611 | Sewer    | 1611 ||| READING scroll labelled MAARUY ONOSUIXT.
  1764 | Sewer    | 1764 ||| Stepping ~*~*~tactically~*~*~ (water).
  2016 | Sewer    | 2016 ||| DRINKING 3 bubbling red potions.
  2048 | D:3      | 2048 ||| PLANNING D:1-11
  2109 | D:2      | Reached skill level 7 in Ranged Weapons
  2109 | D:2      | Reached XP level 6. HP: 23/53 MP: 5/5
  2434 | D:2      | 2434 ||| DROPPING ring of flight.
  2435 | D:2      | 2435 ||| READING 2 scrolls labelled FIASEO GAIWY.
  2436 | D:2      | 2436 ||| DROPPING scroll of magic mapping.
  2522 | D:3      | Noticed Natasha
  2530 | D:3      | Killed Natasha
  2798 | D:3      | Noticed Natasha
  2806 | D:3      | Killed Natasha
  3054 | D:3      | Noticed Natasha
  3060 | D:3      | Killed Natasha
  3212 | D:3      | 3212 ||| READING scroll labelled UNNOLETENE.
  3213 | D:3      | 3213 ||| DRINKING 2 sapphire potions.
  3214 | D:3      | 3214 ||| DROPPING potion of magic.
  3385 | D:4      | Found a sacrificial altar of Ru.
  3609 | D:4      | Reached skill level 8 in Ranged Weapons
  3650 | D:4      | 3650 ||| DRINKING 4 potions of curing.
  3650 | D:4      | 3650 ||| (to cure confusion)
  3652 | D:4      | 3652 ||| DRINKING 3 potions of curing.
  3652 | D:4      | 3652 ||| (to cure confusion)
  3658 | D:4      | 3658 ||| DRINKING 2 potions of curing.
  3658 | D:4      | 3658 ||| (to cure confusion)
  3774 | D:4      | 3774 ||| FLEEEEING.
  3775 | D:4      | 3775 ||| FLEEEEING.
  3779 | D:4      | 3779 ||| FLEEEEING.
  3787 | D:4      | HP: 6/56 [orc priest/divine providence (15)]
  3788 | D:4      | 3788 ||| DRINKING 3 potions of heal wounds.
  3789 | D:4      | 3789 ||| Stepping ~*~*~tactically~*~*~ (outnumbered).
  3792 | D:4      | 3792 ||| Stepping ~*~*~tactically~*~*~ (outnumbered).
  3796 | D:4      | Reached skill level 3 in Dodging
  3796 | D:4      | Reached XP level 7. HP: 22/61 MP: 6/6
  3797 | D:4      | HP: 10/61 [orc/+0 morningstar (12)]
  3798 | D:4      | 3798 ||| DRINKING 2 potions of heal wounds.
  3804 | D:4      | HP: 14/61 [gnoll/+0 whip (7)]
  3805 | D:4      | 3805 ||| DRINKING potion of heal wounds.
  3824 | D:4      | HP: 13/61 [gnoll/+0 halberd (13)]
  3829 | D:4      | HP: 7/61 [gnoll/+0 halberd (4)]
  3834 | D:4      | HP: 1/61 [gnoll/stone (4)]
  3852 | D:4      | HP: 1/61 [gnoll/+0 spear (6)]
  3853 | D:4      | Slain by a gnoll

Levels and vault maps discovered:
D:1:      nzn_arrival_crosshair, layout_loops_corners,
          hellmonk_ecumenical_altar_watching_god, minmay_tiny_reverse_x
D:2:      layout_basic, grunt_ministairs_8
D:3:      layout_loops_cross, portal_sewer_entry_f, minmay_cupped, uniq_natasha
D:4:      lemuel_castle_with_subvaults [lemuel_castle_interior_carwin_3],
          layout_loops_ring, nicolae_overflow_hidden_temple

Skill      XL: |  1  2  3  4  5  6 |
---------------+-------------------+-----
Ranged Weapons | 5 6 7 8 |  8.2
Fighting       | 3 4 5 |  5.0
Armour         | 1 |  1.0
Dodging        | 3 |  3.1
Stealth        | |  0.7

Action                     |  1- 3 |  4- 6 |  7- 9 || total
---------------------------+-------+-------+-------++-------
   Fire: Shortbow          |   108 |   254 |    42 ||   404
    Use: Potion            |     1 |     7 |     2 ||    10
         Scroll            |     2 |     4 |       ||     6
 Armour: Leather armour    |    10 |       |       ||    10
         Ring mail         |     1 |    43 |     8 ||    52
  Dodge: Dodged            |    18 |    91 |    38 ||   147

Table legend:
 A = Non-vault XP
 B = Vault XP
 C = Vault XP percentage of total XP
 D = Non-vault monster count
 E = Vault monster count
 F = Vault count percentage of total count
                 A         B        C        D         E       F
            +---------+---------+-------+---------+---------+-------
      Total |     306 |     524 |  63.1 |      67 |      65 |  49.2
            +---------+---------+-------+---------+---------+-------
        D:1 |      29 |       4 |  12.1 |      18 |       2 |  10.0
        D:2 |     101 |       6 |   5.6 |      21 |       2 |   8.7
        D:3 |     126 |      63 |  33.3 |      13 |       8 |  38.1
        D:4 |      50 |     215 |  81.1 |      15 |      20 |  57.1
      Sewer |       0 |     236 | 100.0 |       0 |      33 | 100.0
            +---------+---------+-------+---------+---------+-------
